 Dungeon Crawl Stone Soup version 0.29-a0-878-g7b45a56547 (webtiles) character file.

Game seed: 9772372089607529160

10120 kevlar127 the Grappler (level 11, -2/172 HPs)
             Began as a Troll Berserker on July 19, 2022.
             Was an Elder of Trog.
             Slain by an orc knight
             ... wielding a +0 battleaxe
              (10 damage)
             ... on level 9 of the Dungeon.
             The game lasted 00:30:55 (9831 turns).

kevlar127 the Grappler (Troll Berserker)            Turns: 9831, Time: 00:30:55

Health: -2/172     AC:  9    Str: 31    XL:     11   Next: 32%
Magic:  10/10      EV: 10    Int:  3    God:    Trog [****..]
Gold:   445        SH:  0    Dex:  9    Spells: 10/10 levels left

rFire   + . .      SeeInvis .     - Unarmed
rCold   + + .      Faith    .   (no shield)
rNeg    . . .      Spirit   .   v - +1 robe of Starshine {Rampage rF+ rC++}
rPois   .          Reflect  .   (helmet restricted)
rElec   .          Harm     .   (no cloak)
rCorr   .          Rampage  +   (gloves unavailable)
Will    .....                   (boots unavailable)
Stlth   ..........              y - amulet of regeneration
HPRegen 1.98/turn               H - +4 ring of protection
MPRegen 0.12/turn               (no ring)

@: berserking, very quick
A: large, unfitting armour, claws 3, regeneration 1, shaggy fur 1, tough skin 1
a: Renounce Religion, Berserk, Trog's Hand, Brothers in Arms


You were on level 9 of the Dungeon.
You worshipped Trog.
Trog was greatly pleased with you.
You visited 2 branches of the dungeon, and saw 11 of its levels.

You collected 565 gold pieces.
You spent 120 gold pieces at shops.

Inventory:

Missiles
 a - 5 curare-tipped darts
 e - 8 large rocks
 f - 59 stones
 G - 2 boomerangs (quivered)
 J - 2 throwing nets
Armour
 v - the +1 robe of Starshine (worn) {Rampage rF+ rC++}
   (You found it on level 3 of the Dungeon)

   rF:        It protects you from fire.
   rC:        It greatly protects you from cold.
   Rampage:   It bestows one free step when moving towards enemies.
 K - a +0 kite shield
Jewellery
 j - an amulet of the acrobat
 y - an amulet of regeneration (around neck)
 H - a +4 ring of protection (left claw)
 N - a ring of magical power
Wands
 q - a wand of paralysis (19)
 r - a wand of quicksilver (1)
 F - a wand of roots (31)
 L - a wand of flame (11)
Scrolls
 b - 16 scrolls of identify
 d - 3 scrolls of fog {unknown}
 g - 5 scrolls of poison {unknown}
 m - a scroll of blinking {unknown}
 o - 2 scrolls of vulnerability {unknown}
 p - 6 scrolls of teleportation
 w - a scroll of immolation {unknown}
 z - a scroll of enchant weapon {unknown}
 A - 2 scrolls of amnesia {unknown}
 D - 2 scrolls of noise
 E - a scroll of fear {unknown}
 M - a scroll of magic mapping {unknown}
 O - a scroll of enchant armour {unknown}
Potions
 c - a potion of berserk rage {unknown}
 h - a potion of magic {unknown}
 i - 4 potions of flight
 k - a potion of attraction {unknown}
 l - 3 potions of lignification {unknown}
 n - 2 potions of might {unknown}
 s - 2 potions of degeneration {unknown}
 t - 2 potions of mutation {unknown}
 u - 2 potions of brilliance {unknown}
 x - a potion of resistance {unknown}
 B - a potion of ambrosia {unknown}
 C - a potion of haste {unknown}
 I - a potion of heal wounds {unknown}


   Skills:
 + Level 9.4 Fighting
 - Level 6.0 Throwing
 + Level 3.6 Armour
 - Level 3.0 Dodging
 + Level 4.0 Shields
 + Level 11.1 Unarmed Combat


You had 10 spell levels left.
You didn't know any spells.
Your spell library was empty.

Dungeon Overview and Level Annotations

Branches:
Dungeon (10/15)            Temple (0/1) D:5             Orc (1/2) D:9
   Lair: D:8-11

Altars:
Dithmenos
Gozag
Nemelex Xobeh
Okawaru
Ru
Trog
Uskayaw
Vehumet
Wu Jian
Xom
Yredelemnul

Shops:
D:8 !**


Innate Abilities, Weirdness & Mutations

You are too large for most types of armour.
You have claws for hands.
Your natural rate of healing is unusually fast.
You are covered in fur. (AC +1)
You have tough skin. (AC +1)


Message History

The orc knight roars a battlecry!
The orc warrior goes into a battle-frenzy!
The warg bites you but does no damage.
You climb upwards.
Welcome back to the Dungeon!
There is a staircase to the Orcish Mines here.
Unknown command.
You mangle the warg!! Your claw misses the warg.
The warg is severely wounded.
The orc warrior hits you with a +0 short sword!
The orc knight hits you with a +0 battleaxe!
The warg bites you but does no damage.
A red film seems to cover your vision as you go berserk!
You feel yourself moving faster!
You feel mighty!
The orc warrior hits you with a +0 short sword!
The orc knight hits you with a +0 battleaxe!!
* * * LOW HITPOINT WARNING * * *
The warg bites you but does no damage.
Unknown command.
You mangle the orc knight!!
The orc knight is heavily wounded.
The orc warrior barely misses you. The warg barely misses you.
The orc knight hits you with a +0 battleaxe!!
* * * LOW HITPOINT WARNING * * *
You closely miss the orc knight.
The orc knight is heavily wounded.
You scratch the orc knight but do no damage.
The orc knight is heavily wounded.
The warg completely misses you. The orc warrior barely misses you.
The orc knight hits you with a +0 battleaxe.
* * * LOW HITPOINT WARNING * * *
You claw the orc knight!
The orc knight is severely wounded.
The warg misses you.
Unknown command.
You scratch the orc knight.
The orc knight is severely wounded.
The orc warrior hits you with a +0 short sword!
* * * LOW HITPOINT WARNING * * *
The orc knight hits you with a +0 battleaxe!
You die...

............................≈≈≈≈≈
.................................
##########.....................##
#.....................#
#.....................#
#........########.....#
#......[[8#.....#.....#
#......o.)#.....#.....#
#......@.[[)._..#.....#
##########......ho)#.....#.....##
..................8#.....#.......
..................########.......
######.############ #.########
#.# #.#
######.#################.#
.................|.......########
.................>...............


You could see an orc knight, a warg and an orc warrior (strong).

Vanquished Creatures
  2 two-headed ogres (D:10)
  Pikel (D:5)
  A cyclops (Orc:1)
  An unseen horror (D:10)
  Prince Ribbit (D:8)
  Grinder (D:6)
  2 shadows (D:9)
  2 wraiths
  A wyvern (D:10)
  A steam dragon (D:7)
  10 yaks
  3 vampire mosquitoes (D:10)
  Edmund (D:4)
  A water moccasin (D:7)
  3 orc warriors (D:9)
  A black bear (D:4)
  A wolf (D:8)
  4 ice beasts
  4 centaurs
  2 ogres
  2 phantoms (D:4)
  4 bullfrogs
  4 necrophages
  7 gnoll sergeants
  A scorpion (D:5)
  The ghost of gdog the Covert, a weakling GnDe (D:3)
  10 wights
  2 jellies (D:5)
  8 hounds
  7 orc priests
  2 gnoll boudas
  2 iguanas
  13 orc wizards
  A hound zombie (D:3)
  Robin (D:4)
  34 gnolls
  8 adders
  3 shadow imps (D:7)
  3 white imps
  2 ufetubi (D:6)
  5 worms
  3 dart slugs
  39 orcs
  4 endoplasms
  2 giant cockroaches (D:1)
  15 goblins
  7 hobgoblins
  2 jackals (D:8)
  A quokka (D:1)
  3 ball pythons
  A ball python zombie (D:3)
  4 frilled lizards
  9 kobolds
  4 rats
257 creatures vanquished.

Notes
Turn   | Place    | Note
-------+----------+-------------------------------------------
     0 | D:1      | kevlar127 the Troll Berserker began the quest for the Orb.
     0 | D:1      | Reached XP level 1. HP: 22/22 MP: 0/0
   239 | D:1      | Reached XP level 2. HP: 26/29 MP: 1/1
   727 | D:1      | Found a faded altar of an unknown god.
   912 | D:2      | Reached XP level 3. HP: 36/36 MP: 2/2
  1251 | D:2      | Identified the +0 leather armour of Ajutyeg {Dex+8}
  1259 | D:2      | Found a sparkling altar of Nemelex Xobeh.
  1468 | D:3      | Reached ** piety under Trog
  1485 | D:3      | Reached XP level 4. HP: 45/45 MP: 3/3
  1768 | D:3      | Found a runed translucent gate.
  1768 | D:3      | Noticed gdog's ghost (weakling GnDe)
  1772 | D:3      | Identified the +1 robe of Starshine {Rampage rF+ rC++}
  1775 | D:3      | Found a runed translucent gate.
  1775 | D:3      | Found a runed translucent gate.
  1776 | D:3      | Found a basalt altar of Yredelemnul.
  1781 | D:3      | Reached skill level 4 in Unarmed Combat
  2139 | D:3      | Killed gdog's ghost
  2140 | D:3      | Reached XP level 5. HP: 54/54 MP: 4/4
  2381 | D:4      | Noticed a phantom
  2386 | D:4      | Killed a phantom
  2387 | D:4      | Noticed a black bear
  2393 | D:4      | Killed a black bear
  2394 | D:4      | Reached skill level 5 in Unarmed Combat
  2394 | D:4      | Reached XP level 6. HP: 55/63 MP: 5/5
  2495 | D:4      | Noticed an ice beast
  2648 | D:4      | Noticed Robin
  2662 | D:4      | Killed Robin
  2899 | D:4      | Reached skill level 1 in Throwing
  2899 | D:4      | Reached XP level 7. HP: 67/71 MP: 6/6
  3054 | D:4      | Noticed Edmund
  3071 | D:4      | Killed Edmund
  3072 | D:4      | Reached skill level 5 in Fighting
  3072 | D:4      | Reached skill level 6 in Unarmed Combat
  3585 | D:5      | Entered Level 5 of the Dungeon
  3619 | D:5      | Found a radiant altar of Vehumet.
  3930 | D:5      | Noticed Pikel
  3947 | D:5      | Killed Pikel
  3948 | D:5      | Reached skill level 7 in Unarmed Combat
  3948 | D:5      | Reached XP level 8. HP: 52/83 MP: 7/7
  4024 | D:5      | Found an opulent altar of Gozag.
  4122 | D:5      | Reached *** piety under Trog
  4140 | D:5      | Found a staircase to the Ecumenical Temple.
  4834 | D:6      | Noticed Grinder
  4838 | D:6      | Paralysed by Grinder for 4 turns
  4850 | D:6      | Paralysed by Grinder for 4 turns
  4858 | D:6      | Killed Grinder
  4859 | D:6      | Reached XP level 9. HP: 60/92 MP: 8/8
  4893 | D:6      | Reached skill level 5 in Throwing
  4982 | D:6      | Found a bloodstained altar of Trog.
  4987 | D:6      | Reached skill level 8 in Unarmed Combat
  5797 | D:7      | Reached **** piety under Trog
  6125 | D:7      | Found a hide-covered altar of Uskayaw.
  6134 | D:7      | Identified the +0 robe "Reuclais" {Drain rElec rN+ Int+2}
  6295 | D:8      | Found a sparkling altar of Nemelex Xobeh.
  6320 | D:8      | Reached skill level 9 in Unarmed Combat
  6366 | D:8      | Found Yxtifym's General Store.
  6372 | D:8      | Bought a scroll of identify for 30 gold pieces
  6472 | D:8      | Found Asanu's General Store.
  6484 | D:8      | Bought a scroll of noise for 12 gold pieces
  6484 | D:8      | Bought a potion of curing for 36 gold pieces
  6554 | D:8      | Reached ***** piety under Trog
  6587 | D:8      | Found Wanesko's Distillery.
  6602 | D:8      | Reached XP level 10. HP: 104/104 MP: 9/9
  6605 | D:8      | Bought a potion of flight for 42 gold pieces
  6709 | D:8      | Received a gift from Trog
  6944 | D:8      | Noticed Prince Ribbit
  6953 | D:8      | Killed Prince Ribbit
  6954 | D:8      | Reached skill level 10 in Unarmed Combat
  7309 | D:9      | Found a shadowy altar of Dithmenos.
  7326 | D:9      | Found a staircase to the Orcish Mines.
  7525 | D:9      | Reached skill level 1 in Shields
  7527 | D:9      | Reached skill level 1 in Armour
  7727 | D:9      | Found a shimmering altar of Xom.
  8007 | D:9      | Found an iron altar of Okawaru.
  8084 | D:9      | Found a sacrificial altar of Ru.
  8137 | D:9      | Found an ornate altar of the Wu Jian Council.
  8294 | D:10     | Entered Level 10 of the Dungeon
  8294 | D:10     | Noticed a two-headed ogre
  8294 | D:10     | Noticed a two-headed ogre
  8301 | D:10     | Killed a two-headed ogre
  8305 | D:10     | Killed a two-headed ogre
  8306 | D:10     | Reached XP level 11. HP: 65/115 MP: 10/10
  8961 | D:10     | Reached skill level 11 in Unarmed Combat
  9815 | Orc:1    | Entered Level 1 of the Orcish Mines
  9815 | Orc:1    | Noticed an orc knight
  9831 | D:9      | HP: 8/172 [orc warrior/+0 short sword[an orc knight] (8)]
  9831 | D:9      | Slain by an orc knight

Illustrated notes

Levels and vault maps discovered:
D:1:      sevenhm_arrival_forest_fort_small_3, layout_basic,
          hellmonk_ecumenical_altar_defaced_shrine
D:2:      layout_rooms, basic_altar, nicolae_hexahallways, minmay_door_square
D:3:      layout_basic, nicolae_yredelemnul_ghost_church,
          minmay_misc_feat_tower, minivault_14
D:4:      layout_gridville, grunt_decor_one_mirror, hangedman_decor_opposing,
          uniq_robin, uniq_edmund
D:5:      layout_loops_corners, lemuel_crystal_altar,
          mainiacjoe_overflow_small_starburst, minmay_temple_entry_ruins,
          uniq_pikel
D:6:      layout_gridville, lemuel_doored_altar, uniq_grinder
D:7:      layout_rooms, mainiacjoe_overflow_paths, skrybe_limestone_x,
          kennysheep_generic_room_5
D:8:      layout_cave_pools, mainiacjoe_overflow_boulevard, serial_shops, shop,
          serial_gnoll_camp, gnoll_camp_mini_sergeant, gnoll_camp_mini_shop,
          gnoll_camp_mini_basic, gnoll_camp_huts_basic, gnoll_camp_mini_shop,
          gnoll_camp_mini_basic, nrook_mini_backslash, uniq_prince_ribbit1
D:9:      layout_long_grid, mainiacjoe_overflow_cross_hatched,
          grunt_dithmenos_smoke, nzn_wu_jian_council_hall,
          kennysheep_okawaru_gauntlet, mainiacjoe_overflow_six_doors_small,
          minmay_orc_entry_temple_small
D:10:     layout_long_grid, grunt_ministairs_7, hive_lemuel
Orc:1:    giant_chief_lemuel, layout_caves, nicolae_shop_gadgets

Skill      XL: |  1  2  3  4  5  6  7  8  9 10 11 |
---------------+----------------------------------+-----
Fighting       | 3 4 6 7 9 |  9.4
Dodging        | 3 |  3.0
Unarmed Combat | 4 5 7 9 10 11 | 11.1
Throwing       | 1 4 6 |  6.0
Shields        | 3 4 |  4.0
Armour         | 2 3 |  3.6

Action                   |  1- 3 |  4- 6 |  7- 9 | 10-12 || total
-------------------------+-------+-------+-------+-------++-------
Melee: Unarmed           |    88 |   105 |   312 |   242 ||   747
       Punch             |       |     1 |    16 |     6 ||    23
Throw: Dart              |       |     2 |     2 |     1 ||     5
       Large rock        |       |     1 |       |     3 ||     4
       Boomerang         |       |       |     2 |    24 ||    26
       Stone             |       |       |       |     9 ||     9
Invok: Berserk           |     1 |     2 |       |     4 ||     7
       Trog's Hand       |       |     2 |     1 |     5 ||     8
  Use: Scroll            |       |     1 |       |       ||     1
       Potion            |       |       |       |     1 ||     1
 Stab: Sleeping          |       |     1 |     1 |       ||     2
Armor: Animal skin       |    25 |     7 |       |       ||    32
       Robe              |       |    21 |    95 |   108 ||   224
Dodge: Dodged            |    34 |    64 |   133 |   130 ||   361

Table legend: (Time is in decaauts)
 A = Elapsed time spent in this place.
 B = Non-inter-level travel time spent in this place.
 C = Inter-level travel time spent in this place.
 D = Time resting spent in this place.
 E = Time spent auto-exploring this place.
 F = Levels seen in this place.
 G = Mean time per level.
                   A        B        C        D        E       F      G
               +--------+--------+--------+--------+--------+-----+--------+
         Total |   9795 |   9097 |    698 |   2346 |   5209 |  11 |  890.5 |
       Dungeon |   9786 |   9089 |    697 |   2346 |   5209 |  10 |  978.6 |
  Orcish Mines |      8 |      8 |      0 |      0 |      0 |   1 |    8.0 |
               +--------+--------+--------+--------+--------+-----+--------+

Top non-repeatable levels by time:
    D:10: 1416 daAuts
     D:5: 1221 daAuts
     D:4: 1207 daAuts
     D:9: 1137 daAuts
     D:8: 978 daAuts
     D:3: 898 daAuts
     D:1: 757 daAuts
     D:6: 748 daAuts
     D:2: 734 daAuts
     D:7: 687 daAuts
   Orc:1: 8 daAuts
